 Dungeon Crawl Stone Soup version 0.28.0-47-ge53b351184 (webtiles) character file.

Game seed: 13763272972320787217

30 firemarshallily the Skirmisher (level 3, 0/29 HPs)
             Began as a Demonspawn Fighter on May 5, 2022.
             Was a Follower of Uskayaw.
             Succumbed to an adder's poison
             ... on level 2 of the Dungeon.
             The game lasted 00:03:38 (1166 turns).

firemarshallily the Skirmisher (Demonspawn Fighter) Turns: 1166, Time: 00:03:39

Health: 0/29       AC:  6    Str: 17 (18) XL:     3   Next: 3%
Magic:  3/3        EV:  9    Int:  8 (9)  God:    Uskayaw [*.....]
Gold:   39         SH:  4    Dex:  9 (12) Spells: 2/2 levels left

rFire   . . .      SeeInvis .   a - +0 long sword
rCold   . . .      Faith    .   c - +0 buckler
rNeg    . . .      Spirit   .   b - +0 scale mail
rPois   .          Reflect  .   (no helmet)
rElec   .          Harm     .   (no cloak)
rCorr   .          Rampage  .   (no gloves)
Will    .....                   (no boots)
Stlth   ..........              (no amulet)
HPRegen 0.09/turn               (no ring)
MPRegen 0.08/turn               (no ring)

@: lethally poisoned (0 -> -3), attractive, hasted, very quick
A: powered by pain 1
a: Renounce Religion, Stomp


You were on level 2 of the Dungeon.
You worshipped Uskayaw.
Uskayaw was noncommittal.
You visited 1 branch of the dungeon, and saw 2 of its levels.

You collected 39 gold pieces.

Inventory:

Hand Weapons
 a - a +0 long sword (weapon)
Missiles
 i - 2 throwing nets
 j - 34 stones
Armour
 b - a +0 scale mail (worn)
 c - a +0 buckler (worn)
 o - a +0 kite shield
Scrolls
 e - a scroll of fear {unknown}
 f - 2 scrolls of identify (quivered)
 k - a scroll of magic mapping
 m - a scroll of torment {unknown}
Potions
 d - a potion of might
 p - a potion of attraction


   Skills:
 + Level 3.3 Fighting
 * Level 2.2 Long Blades
 + Level 3.0 Armour
 - Level 3.0 Shields


You had 2 spell levels left.
You didn't know any spells.
Your spell library contained the following spells:

 Spells                   Type           Power      Damage    Failure   Level
 Confusing Touch          Hex            0%         N/A       99%         3
 Ozocubu's Armour         Ice            0%         N/A       99%         3
 Metabolic Englaciation   Hex/Ice        0%         N/A       100%        5
 Yara's Violent Unravell  Hex/Tmut       0%         3d3       100%        5
 Simulacrum               Ice/Necr       0%         N/A       100%        6
 Enfeeble                 Hex            0%         N/A       100%        7


Dungeon Overview and Level Annotations

Branches:
Dungeon (2/15)

Altars:
Uskayaw


Innate Abilities, Weirdness & Mutations

You sometimes gain a little power by taking damage.


Message History

The hobgoblin is almost dead.
You can no longer pass through a line of other dancers.
You block the adder's attack. The hobgoblin closely misses you.
The adder bites you.
* * * LOW HITPOINT WARNING * * *
You are lethally poisoned!
The adder poisons you!
You can now pass through a line of other dancers.
It was a potion of degeneration.
There was something very wrong with that liquid.
You feel weakened.
You feel dopey.
You feel clumsy.
* * * LOW HITPOINT WARNING * * *
You feel sick. The hobgoblin closely misses you.
The adder bites you but does no damage.
It was a potion of haste.
You feel yourself speed up.
* * * LOW HITPOINT WARNING * * *
You feel sick. The adder closely misses you. The hobgoblin barely misses you.
It was a potion of attraction.
You feel attractive to monsters.
* * * LOW HITPOINT WARNING * * *
You feel sick. You block the adder's attack. The hobgoblin closely misses you.
It was a potion of magic.
Magic courses through your body.
* * * LOW HITPOINT WARNING * * *
You feel sick. You block the adder's attack.
Non-targeted read: 3 scrolls labelled CUOCLUGHIC
Press: ? - help, Q - select action, (/) - cycle Dir - look around, f - activate
Okay, then.
As you read the scroll labelled CUOCLUGHIC, it crumbles to dust.
It is a scroll of identify.
k - a scroll of magic mapping The hobgoblin hits you.
* * * LOW HITPOINT WARNING * * *
The adder barely misses you.
You can no longer pass through a line of other dancers.
Blink to where?
Press: ? - help, Dir - move target
Found 17 gold pieces.
As you read the scroll labelled TEHUFR ACAINT, it crumbles to dust.
It was a scroll of blinking.
You die...

.#..#####.#..##.#.
....# ..........
.#..#######....##..
.........K.........
........#g#........
....###.#ยง)........
##.## #.#S#......#
#.# #...#..<...# ...
#.#.##....@#
...##.....##.....$#
...##...###$..###.#
...###### #...# .#
#...# .. # ..# .#.
.#. .. .


You could see a hobgoblin and a kobold.

Vanquished Creatures
  3 ball pythons
  2 bats (D:1)
  3 endoplasms
  4 goblins
  4 hobgoblins
  3 quokkas (D:1)
  4 frilled lizards
  A kobold (D:1)
  3 rats
27 creatures vanquished.

Vanquished Creatures (others)
  A withered plant (D:1)
1 creature vanquished.

Grand Total: 28 creatures vanquished

Notes
Turn   | Place    | Note
-------+----------+-------------------------------------------
     0 | D:1      | firemarshallily the Demonspawn Fighter began the quest for
                  | the Orb.
     0 | D:1      | Reached XP level 1. HP: 18/18 MP: 1/1
   179 | D:1      | Gained mutation: You sometimes gain a little power by
                  | taking damage. [demonic ancestry]
   179 | D:1      | Reached XP level 2. HP: 12/24 MP: 2/2
   366 | D:1      | Found a faded altar of an unknown god.
   375 | D:1      | Prayed at the altar of an unknown god.
   375 | D:1      | Became a worshipper of Uskayaw the Reveller
   375 | D:1      | Reached * piety under Uskayaw
   434 | D:1      | Reached ** piety under Uskayaw
  1037 | D:2      | Reached *** piety under Uskayaw
  1155 | D:2      | Reached XP level 3. HP: 23/29 MP: 3/3
  1165 | D:2      | HP: 1/29 [hobgoblin (1)]
  1166 | D:2      | Succumbed to an adder's poison

Illustrated notes

Levels and vault maps discovered:
D:1:      sevenhm_arrival_forest_fort_large_4, layout_basic,
          ebering_ecumenical_altar_petrified
D:2:      layout_basic, minmay_tetromino_s2, uniq_jessica

Skill      XL: |  1  2 |
---------------+-------+-----
Long Blades    | 2 |  2.2
Armour         | 3 |  3.0
Shields        | 3 |  3.0
Fighting       | |  3.3

Action                   || total
-------------------------++-------
Melee: Long sword        ||    86
Invok: Stomp             ||     1
  Use: Potion            ||     4
       Scroll            ||     2
Armor: Scale mail        ||    69
Dodge: Dodged            ||    66
Block: Buckler           ||    37
